AoeStats
← thebigmarvinski

Arabia

508190181Analyzed
1v1 RM · 12d ago on Sep 21, 2026· 36m 59s· 2 players
Game mode
Random Map
Map size
Tiny (2 player)
Population
200
Speed
Normal
Resources
Standard
Victory
Conquest
Starting age
Dark Age
Ending age
Imperial Age
RankedLock teamsTeams togetherTeam positionsShared explorationLock speedFull tech treeHidden civsTurbo modeCheats
Victory
Defeat
🇫🇷 Chinese · France
801
+29
🇬🇧 Khmer · United Kingdom
775
-15
thebigmarvinski
3:05 Loom
9:32 Feudal Age
7:47 Loom
10:16 Double-Bit Axe
15:03 Fletching
16:16 Gold Mining
24:13 Castle Age
23:57 Padded Archer Armor
24:09 Forging
24:01 Horse Collar
24:31 Pikeman
25:24 Bodkin Arrow
25:45 Leather Archer Armor
25:00 Crossbowman
27:50 Wheelbarrow
29:26 Iron Casting
28:51 Scale Mail Armor
Hyarros
1:10 Loom
10:49 Feudal Age
14:09 Horse Collar
20:01 Double-Bit Axe
23:13 Castle Age
21:28 Forging
21:23 Scale Barding Armor
22:57 Bloodlines
24:40 Heavy Plow
27:11 Wheelbarrow
26:21 Town Watch
32:05 Husbandry
35:16 Iron Casting
34:42 Scale Mail Armor
34:43 Padded Archer Armor
34:33 Fletching
34:38 Light Cavalry
Connection lost

Rejoining the realm…

Still unreachable

The connection could not be restored.

Session expired

The server has moved on; the page needs a fresh start.